 Dungeon Crawl Stone Soup version 0.30.0-30-g96aa6591b8 (webtiles) character file.

Game seed: 18110414899761579638

166 cdecastro the Changer (level 5, -1/40 HPs)
             Began as a Draconian Transmuter on June 26, 2023.
             Was a Follower of Cheibriados.
             Killed by divine providence
             ... invoked by an orc priest
              (16 damage)
             ... on level 4 of the Dungeon.
             The game lasted 00:08:00 (3430 turns).

cdecastro the Changer (Draconian Transmuter)        Turns: 3430, Time: 00:08:01

Health: -1/40      AC:  9    Str: 15    XL:     5   Next: 22%
Magic:  8/8        EV: 12    Int: 18    God:    Cheibriados [*.....]
Gold:   161        SH:  0    Dex: 15    Spells: 2/8 levels left

rFire   . .          .
                       - Unarmed
rCold   . . .        (no shield)
rNeg    . . .        (body armour unavailable)
rPois   .            q - melded +0 hat {SInv}
rElec   .            c - +2 cloak
rCorr   .            m - +0 pair of gloves
SInv    .            (boots currently unavailable)
Will    .....        r - amulet of the acrobat
Stlth   +            (no ring)
HPRegen 0.26/turn    (no ring)
MPRegen 0.11/turn

%: acrobat
@: appendages, very slow
A: horns 2, talons 2, AC +5, unfitting armour, cold-blooded
a: End Transformation, Renounce Religion, Bend Time


You were on level 4 of the Dungeon.
You worshipped Cheibriados.
Cheibriados was aware of your devotion.
You had temporarily grown beastly horns and talons.
You visited 1 branch of the dungeon, and saw 4 of its levels.

You collected 161 gold pieces.

Inventory:

Armour
 c - a +2 cloak (worn)
 m - a +0 pair of gloves (worn)
 q - a +0 hat of see invisible (melded)
Jewellery
 r - an amulet of the acrobat (around neck)
Scrolls
 e - 3 scrolls of enchant armour {unknown}
 g - 4 scrolls of identify {unknown}
 i - a scroll of poison {unknown}
 j - 2 scrolls of brand weapon {unknown}
 k - 2 scrolls of blinking {unknown}
 l - a scroll of fear {unknown}
 n - 2 scrolls of fog {unknown}
 o - a scroll of immolation {unknown}
 p - a scroll of acquirement {unknown}
 s - a scroll of teleportation {unknown}
Potions
 a - 3 potions of lignification
 b - a potion of berserk rage {unknown}
 d - 3 potions of curing {unknown}
 f - 3 potions of flight {unknown}
 h - 2 potions of heal wounds {unknown}
 t - a potion of magic {unknown}


   Skills:
 - Level 1.1 Fighting
 - Level 1.7 Dodging
 + Level 4.2 Unarmed Combat
 - Level 2.0 Spellcasting
 * Level 4.6 Transmutations


You had 2 spell levels left.
You knew the following spells:

 Your Spells              Type           Power      Damage    Failure   Level
a - Beastly Appendage     Tmut           36%        N/A       2%          1
b - Wereblood             Tmut           18%        N/A       4%          2
c - Spider Form           Tmut/Pois      10%        N/A       22%         3

Your spell library contained the following spells:

 Spells                   Type           Power      Damage    Failure   Level
 Summon Small Mammal      Summ           4%         N/A       19%         1
 Cigotuvi's Dreadful Rot  Necr/Pois/Air  2%         N/A       26%         2
 Ignite Poison            Fire/Tmut/Pois 7%         N/A       28%         3
 Call Canine Familiar     Summ           1%         N/A       47%         3
 Summon Guardian Golem    Hex/Summ       1%         N/A       47%         3
 Ice Form                 Ice/Tmut       10%        N/A       56%         4
 Freezing Cloud           Conj/Ice/Air   0%         6-21      99%         5


Dungeon Overview and Level Annotations

Branches:
Dungeon (4/15)
 Temple: D:4-7

Altars:
Cheibriados
Wu Jian
Yredelemnul
Zin

Shops:
D:4 =

Annotations:
D:3 vault need dig
D:4 exclusion: ogre


Innate Abilities, Weirdness & Mutations

You have temporarily grown beastly horns and talons.
Your plain brown scales are hard. (AC +5)
You cannot fit into any form of body armour.
You are cold-blooded and may be slowed by cold attacks.


Message History

The orc priest hits you with a +0 whip.
Unknown command.
You barely miss the orc priest.
You headbutt the orc priest, but do no damage.
The orc priest is severely wounded.
The orc priest hits you with a +0 whip.
Unknown command.
You hit the orc priest.
You claw the orc priest, but do no damage.
The orc priest is severely wounded.
The orc priest closely misses you.
Unknown command.
You hit the orc priest but do no damage.
You claw the orc priest, but do no damage.
The orc priest is severely wounded.
The orc priest misses you.
Unknown command.
You hit the orc priest but do no damage.
You claw the orc priest, but do no damage.
The orc priest is severely wounded.
The orc priest calls down the wrath of Beogh upon you.
Pain shoots through your body!
Unknown command.
You hit the orc priest but do no damage.
You claw the orc priest, but do no damage.
You punch the orc priest, but do no damage.
The orc priest is severely wounded.
The orc priest mumbles some strange prayers to Beogh against you.
Pain shoots through your body!
* * * LOW HITPOINT WARNING * * *
You hit the orc priest.
You tail-slap the orc priest, but do no damage.
The orc priest is severely wounded.
The orc priest hits you but does no damage.
Unknown command.
You barely miss the orc priest.
The orc priest is severely wounded.
The orc priest mumbles some strange prayers to Beogh against you.
Beogh smites you!
You die...

### #..
######### #.#
#oo@....# #.#
#o#####.# #.#
#.# #.# #.#
#o#
#.##########.#
#.#
#.............
#.#
########.#####
#o# #.# #.#
#.# #.# #.#


You could see an orc priest and 2 orcs.

Vanquished Creatures
  A hound (D:2)
  An orc wizard (D:4)
  2 adders
  A worm (D:2)
  3 dart slugs
  13 orcs (D:4)
  5 endoplasms
  4 giant cockroaches
  5 goblins
  7 hobgoblins
  6 jackals
  5 kobolds
  2 ball pythons
  4 bats
  6 frilled lizards
  3 rats
68 creatures vanquished.

Notes
Turn   | Place    | Note
-------+----------+-------------------------------------------
     0 | D:1      | cdecastro the Draconian Transmuter began the quest for the
                  | Orb.
     0 | D:1      | Reached XP level 1. HP: 16/16 MP: 3/3
   286 | D:1      | Reached XP level 2. HP: 23/23 MP: 3/5
   945 | D:2      | Reached XP level 3. HP: 24/28 MP: 4/6
  1064 | D:2      | Learned a level 2 spell: Wereblood
  1068 | D:2      | Learned a level 3 spell: Spider Form
  1072 | D:2      | Found a snail-covered altar of Cheibriados.
  1135 | D:2      | Became a worshipper of Cheibriados the Contemplative
  1272 | D:2      | Reached XP level 4. HP: 23/35 MP: 5/7
  1455 | D:2      | Found a faded altar of an unknown god.
  1651 | D:3      | Found a glowing silver altar of Zin.
  2480 | D:4      | Noticed an ogre
  2583 | D:4      | Reached * piety under Cheibriados
  2805 | D:4      | Reached XP level 5. HP: 39/40 MP: 6/8
  2872 | D:4      | Found a basalt altar of Yredelemnul.
  2935 | D:4      | Found an ornate altar of the Wu Jian Council.
  2985 | D:4      | Identified the +4 mace "Fawiap" {elec, rElec Str+3}
  3151 | D:4      | Found Nexkuj's Jewellery Emporium.
  3430 | D:4      | Killed from afar by an orc priest

Illustrated notes

Levels and vault maps discovered:
D:1:      lightli_arrival_maybe_door_vault, layout_basic
D:2:      layout_rooms, basic_altar, shapermc_ecumenical_altar_mp_ritualfount
D:3:      layout_rooms, zin_scriptorium, serial_co_window_serial,
          co_window_of_opportunity_a, co_window_of_opportunity_a,
          co_window_of_opportunity_a, co_window_paths_a, co_window_paths_a,
          co_window_broadway_c, co_window_cross_2, co_window_cross_3,
          co_window_broadway_c, co_window_paths_d, glass_columns_a,
          glass_columns_c, glass_columns_b, glass_columns_b
D:4:      layout_loops_ring, mainiacjoe_overflow_six_doors_small,
          mainiacjoe_overflow_alcove_4, serial_shops, shop, serial_rivers,
          chequers_serial_rivers_micro_d, chequers_serial_rivers_micro_d,
          chequers_serial_rivers_large_b, chequers_serial_rivers_small_3,
          chequers_serial_rivers_micro_b, chequers_arboretum,
          chequers_serial_rivers_micro_a

Skill      XL: |  1  2  3  4 |
---------------+-------------+-----
Transmutations | 3 4 |  4.6
Unarmed Combat | 4 |  4.2
Fighting       | |  1.1
Dodging        | |  1.7
Spellcasting   | |  2.0

Action                     |  1- 3 |  4- 6 || total
---------------------------+-------+-------++-------
  Melee: Unarmed           |    75 |   118 ||   193
         Kick              |    15 |    30 ||    45
         Punch             |     4 |     4 ||     8
         Tailslap          |     8 |    18 ||    26
         Headbutt          |     9 |    19 ||    28
   Cast: Beastly Appendage |    20 |    32 ||    52
   Stab: Sleeping          |       |     1 ||     1
 Armour: Skin              |    34 |    38 ||    72
  Dodge: Dodged            |    39 |    65 ||   104
